 Dungeon Crawl Stone Soup version 0.27.1-2-g3b301248ec (webtiles) character file.

Game seed: 8364845193726865333

3336 Metae the Cleaver (level 10, -10/88 HPs)
             Began as a Hill Orc Fighter on Sept 26, 2021.
             Was a Believer of the Shining One.
             Mangled by an eight-headed hydra (12 damage)
             ... on level 7 of the Dungeon.
             The game lasted 00:24:09 (9188 turns).

Metae the Cleaver (Hill Orc Fighter)                Turns: 9188, Time: 00:24:10

Health: -10/88     AC: 12    Str: 29    XL:     10   Next: 2%
Magic:  11/14      EV:  7    Int:  8    God:    the Shining One [**....]
Gold:   313        SH: 20    Dex: 10    Spells: 9/9 levels left

rFire    + . .     SeeInvis .   a - +0 war axe (elec)
rCold    + + .     Faith    .   c - +0 kite shield
rNeg     + + .     Spirit   .   i - +0 chain mail
rPois    .         Reflect  .   (no helmet)
rElec    +         Harm     .   r - scarf {rC+ rF+}
rCorr    .         Rampage  .   G - +0 pair of gloves
Will     .....                  (no boots)
Stlth    ..........             (no amulet)
HPRegen  0.24/turn              g - +6 ring of strength
MPRegen  0.14/turn              J - ring "Masatut" {rElec rC+ rN+}

@: divinely shielded, glowing
A: no striking features
a: Renounce Religion, Divine Shield


You were on level 7 of the Dungeon.
You worshipped the Shining One.
The Shining One was pleased with you.
You visited 1 branch of the dungeon, and saw 8 of its levels.
You also visited: Sewer.

You collected 313 gold pieces.

Inventory:

Hand Weapons
 a - a +0 war axe of electrocution (weapon)
 m - a +1 flail of protection
 K - a +0 hunting sling
Missiles
 f - 10 silver javelins (quivered)
 y - 9 boomerangs
 L - 17 sling bullets
Armour
 c - a +0 kite shield (worn)
 i - a +0 chain mail (worn)
 r - a scarf of resistance (worn)
 B - a +0 plate armour
 G - a +0 pair of gloves (worn)
Jewellery
 g - a +6 ring of strength (left hand)
 h - a ring of poison resistance
 C - a +6 ring of dexterity
 I - a ring of protection from fire
 J - the ring "Masatut" (right hand) {rElec rC+ rN+}
   (You acquired it on level 8 of the Dungeon)

   [ring of positive energy]

   rC:        It protects you from cold.
   rElec:     It insulates you from electricity.
   rN:        It protects you from negative energy.
Wands
 d - a wand of flame (10)
 l - a wand of paralysis (10)
 E - a wand of acid (5)
Scrolls
 e - 5 scrolls of vulnerability
 n - 8 scrolls of teleportation
 p - 5 scrolls of magic mapping
 v - a scroll of fear
 w - a scroll of acquirement
 x - a scroll of blinking
 z - 2 scrolls of brand weapon
 A - 2 scrolls of amnesia
 D - a scroll of noise
 F - a scroll of enchant weapon
 H - a scroll of holy word {unknown}
Potions
 b - a potion of resistance {unknown}
 j - a potion of ambrosia {unknown}
 k - 4 potions of heal wounds {unknown}
 o - 2 potions of curing {unknown}
 q - a potion of haste
 s - 2 potions of cancellation {unknown}
 t - a potion of magic {unknown}
 u - a potion of flight {unknown}


   Skills:
 + Level 8.0 Fighting
 + Level 8.2 Axes
 + Level 7.3 Armour
 + Level 7.3 Shields
 + Level 5.4 Invocations
 + Level 5.2 Evocations


You had 9 spell levels left.
You didn't know any spells.
Your spell library contained the following spells:

 Spells                   Type           Power      Damage    Failure   Level
 Apportation              Tloc           0%         N/A       99%         1
 Freeze                   Ice            0%         1d3       99%         1
 Summon Small Mammal      Summ           0%         N/A       99%         1
 Call Canine Familiar     Summ           0%         N/A       100%        3
 Dazzling Flash           Conj/Hex       0%         N/A       100%        3
 Frozen Ramparts          Ice            0%         1d2       100%        3
 Ozocubu's Armour         Ice            0%         N/A       100%        3
 Summon Guardian Golem    Hex/Summ       0%         N/A       100%        3
 Hailstorm                Conj/Ice       0%         3d3       100%        4
 Iskenderun's Mystic Bla  Conj/Tloc      0%         2d3       100%        4
 Alistair's Intoxication  Tmut/Pois      0%         N/A       100%        5
 Metabolic Englaciation   Hex/Ice        0%         N/A       100%        5
 Invisibility             Hex            0%         N/A       100%        6
 Simulacrum               Ice/Necr       0%         N/A       100%        6
 Starburst                Conj/Fire      0%         6d3       100%        6


Dungeon Overview and Level Annotations

Branches:
Dungeon (8/15)             Temple (0/1) D:6            Lair (0/6) D:8
  Sewer (visited)

Altars:
Hepliaklqana
Zin
The Shining One

Annotations:
D:8 2 transporters


Message History

What are your orders? t - Shout!
Orders for allies: a - Attack new target. p - Attack previous target. r - Retreat! s - Stop attacking. g - Guard the area. f - Follow me.
Anything else - Cancel.
Okay, then.
Unknown command.
There is a stone staircase leading up here.
The eight-headed hydra bites you! The eight-headed hydra bites you.
You block the eight-headed hydra's attack.
The eight-headed hydra bites you but does no damage.
The eight-headed hydra bites you!
You block the eight-headed hydra's attack. x2
The eight-headed hydra bites you but does no damage.
There is a stone staircase leading up here.
You block the eight-headed hydra's attack.
The eight-headed hydra barely misses you.
The eight-headed hydra closely misses you.
The eight-headed hydra bites you.
* * * LOW HITPOINT WARNING * * *
You block the eight-headed hydra's attack.
The eight-headed hydra closely misses you.
The eight-headed hydra bites you!
* * * LOW HITPOINT WARNING * * *
You block the eight-headed hydra's attack.
You climb upwards.
There is a stone staircase leading down here.
Okay, then.
Your shield is strengthened by the Shining One's divine power.
You block the eight-headed hydra's attack.
The eight-headed hydra barely misses you.
You block the eight-headed hydra's attack.
The eight-headed hydra bites you!
* * * LOW HITPOINT WARNING * * *
The eight-headed hydra barely misses you.
The eight-headed hydra bites you!
* * * LOW HITPOINT WARNING * * *
The eight-headed hydra bites you!
You die...

............#...............#....
............#...............#....
............#...............#....
##'#........#...##.##.#####'#....
...#.......###'###.##.###.....###
...#.......'............#.....#
...#.......#............#.....#
...'.......#...D........#.....#
...#.......#....@..##...#.....#
####.......################'###
#.......# #....# #.......# #....#
#.......# #....# #.......# #....#
#......)# #....# #.......# ######
#########


You could see an eight-headed hydra.

Vanquished Creatures
  Joseph (D:8)
  A komodo dragon (D:8)
  2 steam dragons (D:6)
  Duvessa (D:4)
  2 sky beasts
  2 necrophages (D:6)
  An ogre (D:5)
  2 centaurs
  5 kobold brigands
  A bullfrog (D:7)
  A scorpion (D:6)
  Dowan (D:4)
  A water moccasin zombie (D:5)
  A water moccasin skeleton (D:4)
  5 wights (D:8)
  3 killer bees (D:7)
  A howler monkey (D:3)
  2 centaur zombies
  A jelly (D:6)
  An orc priest (D:6)
  A centaur skeleton (D:7)
  A gnoll shaman (D:6)
  A bullfrog skeleton (D:7)
  5 hounds
  2 iguanas
  Jessica (D:3)
  Ijyb (D:3)
  Terence (D:3)
  3 orc wizards
  A killer bee zombie (D:8)
  A hound skeleton (D:5)
  4 gnolls
  6 adders
  A river rat (Sewer)
  A shadow imp (D:8)
  2 white imps
  An adder skeleton (D:4)
  5 worms (Sewer)
  A dart slug (D:1)
  14 orcs
  7 endoplasms
  3 giant cockroaches
  4 hobgoblins
  3 quokkas
  13 ball pythons
  8 bats
  4 frilled lizards
  3 goblins
  11 kobolds
  9 rats
153 creatures vanquished.

Vanquished Creatures (others)
  16 plants (D:4)
16 creatures vanquished.

Grand Total: 169 creatures vanquished

Notes
Turn   | Place    | Note
-------+----------+-------------------------------------------
     0 | D:1      | Metae the Hill Orc Fighter began the quest for the Orb.
     0 | D:1      | Reached XP level 1. HP: 19/19 MP: 1/1
   264 | D:1      | Reached XP level 2. HP: 27/27 MP: 2/2
   890 | D:2      | Found a hazy altar of Hepliaklqana.
   912 | D:2      | Reached XP level 3. HP: 32/33 MP: 3/3
  1534 | D:2      | Reached XP level 4. HP: 39/40 MP: 4/4
  1894 | D:3      | Noticed Ijyb
  1901 | D:3      | Paralysed by Ijyb for 7 turns
  1912 | D:3      | Paralysed by Ijyb for 5 turns
  1917 | D:3      | Killed Ijyb
  1918 | D:3      | Reached XP level 5. HP: 44/47 MP: 5/5
  2133 | D:3      | Noticed Jessica
  2160 | D:3      | Killed Jessica
  2410 | D:3      | Noticed Terence
  2423 | D:3      | Killed Terence
  2916 | D:3      | Found a faded altar of an unknown god.
  3289 | D:4      | Found a glowing golden altar of the Shining One.
  3469 | D:4      | Reached skill level 1 in Evocations
  3474 | D:4      | Found a glowing drain.
  3479 | D:4      | Reached skill level 5 in Fighting
  3479 | D:4      | Reached XP level 6. HP: 47/56 MP: 6/6
  3493 | Sewer    | Entered a sewer
  3782 | Sewer    | Reached skill level 5 in Axes
  4156 | Sewer    | Reached skill level 5 in Armour
  4156 | Sewer    | Reached skill level 5 in Shields
  4156 | Sewer    | Reached XP level 7. HP: 36/61 MP: 7/7
  4923 | D:4      | Noticed Duvessa
  4923 | D:4      | Noticed Dowan
  4936 | D:4      | Killed Duvessa
  4942 | D:4      | Killed Dowan
  5499 | D:4      | Became a worshipper of the Shining One
  5523 | D:5      | Entered Level 5 of the Dungeon
  5700 | D:5      | Reached XP level 8. HP: 70/70 MP: 8/8
  5737 | D:5      | Found a glowing silver altar of Zin.
  5776 | D:5      | Reached skill level 1 in Invocations
  6654 | D:6      | Reached * piety under the Shining One
  6753 | D:6      | Reached XP level 9. HP: 65/79 MP: 11/11
  7286 | D:6      | Found a staircase to the Ecumenical Temple.
  8076 | D:7      | Identified 2 scrolls of acquirement
  8076 | D:7      | Acquired a +6 ring of dexterity
  8226 | D:8      | Found a transporter.
  8370 | D:8      | Found a transporter.
  8376 | D:8      | Noticed a boulder beetle
  8502 | D:8      | Reached ** piety under the Shining One
  8576 | D:8      | Acquired the ring "Masatut" {rElec rC+ rN+}
  8615 | D:8      | Noticed a komodo dragon
  8622 | D:8      | Killed a komodo dragon
  8623 | D:8      | Reached skill level 5 in Invocations
  8623 | D:8      | Reached skill level 5 in Evocations
  8791 | D:8      | Found a staircase to the Lair.
  8896 | D:8      | Noticed Joseph
  8912 | D:8      | Killed Joseph
  8913 | D:8      | Reached XP level 10. HP: 50/88 MP: 12/14
  9119 | D:8      | Noticed an eight-headed hydra
  9188 | D:7      | HP: 2/88 [eight-headed hydra (7)]
  9188 | D:7      | Mangled by an eight-headed hydra

Illustrated notes

Levels and vault maps discovered:
D:1:      lightli_arrival_windingriver, layout_basic
D:2:      layout_basic, basic_altar, solitary_fountain,
          kennysheep_decorative_pillar
D:3:      layout_basic, dreamdust_ecumenical_altar_hidden_monk_grotto,
          nrook_mini_backslash, grunt_ministairs_11, minivault_25, uniq_terence,
          uniq_ijyb, uniq_jessica
D:4:      layout_loops_ring, old_standard_altar, cheibrodos_sewer_entry_sluice,
          serial_bayou, serial_bayou_pond_c, serial_bayou_crossing,
          serial_bayou_shore_b, serial_bayou_pond_a, uniq_duvessa
D:5:      layout_loops_cross, nicolae_overflow_hidden_temple,
          kennysheep_generic_room_14
D:6:      layout_rooms, minmay_temple_entry_poolview
D:7:      layout_gridville, hex_large, minmay_liquid_box
D:8:      gammafunk_boulding_lane, layout_rooms, dpeg_oklobed_lair,
          serial_co_window_serial, co_window_of_opportunity_a,
          co_window_paths_a, co_window_paths_a, co_window_corner_a,
          co_window_corner_a, co_window_corner_cb, co_window_of_opportunity_b,
          co_window_of_opportunity_c, co_window_paths_d, co_window_4corner_a,
          glass_columns_b, glass_columns_c, glass_columns_a, glass_columns_c,
          glass_columns_b, hangedman_abyss_or_decor_lesser_grid,
          minmay_three_doors, uniq_joseph

Skill      XL: |  1  2  3  4  5  6  7  8  9 |
---------------+----------------------------+-----
Axes           | 3 4 5 7 8 |  8.2
Fighting       | 4 5 6 7 8 |  8.0
Armour         | 4 5 6 7 |  7.3
Shields        | 4 5 6 7 |  7.3
Evocations     | 1 2 4 5 |  5.2
Invocations    | 3 5 |  5.4

Action                   |  1- 3 |  4- 6 |  7- 9 | 10-12 || total
-------------------------+-------+-------+-------+-------++-------
Melee: War axe           |    94 |   209 |   206 |     3 ||   512
Invok: Divine Shield     |       |       |       |     1 ||     1
Evoke: Wand              |       |       |       |     3 ||     3
  Use: Scroll            |       |       |    12 |       ||    12
       Potion            |       |       |     1 |       ||     1
Armor: Scale mail        |    24 |       |       |       ||    24
       Chain mail        |    23 |    84 |    95 |    11 ||   213
Dodge: Dodged            |    43 |    38 |    60 |     7 ||   148
Block: Kite shield       |    64 |   110 |   145 |    17 ||   336
